 Dungeon Crawl Stone Soup version 0.26.0-45-g9c1d065592 (webtiles) character file.

Game seed: 6010469234072914441

55 soggyman666 the Sneak (level 4, -3/24 HPs)
             Began as a Kobold Enchanter on Jan 28, 2021.
             Killed by nerve-wracking pain
             ... invoked by a shadow imp
             ... summoned by Natasha
              (4 damage)
             ... on level 2 of the Dungeon.
             The game lasted 00:07:15 (1360 turns).

soggyman666 the Sneak (Kobold Enchanter)            Turns: 1360, Time: 00:07:17

Health: -3/24      AC:  2    Str:  5    XL:     4   Next: 14%
Magic:  1/7        EV: 16    Int: 16    God:
Gold:   72         SH:  0    Dex: 16    Spells: 4/7 levels left

rFire    . . .     SeeInvis .   a - +1 dagger
rCold    . . .     Faith    .   (shield restricted)
rNeg     . . .     Spirit   .   b - +0 robe
rPois    .         Reflect  .   (no helmet)
rElec    .         Harm     .   (no cloak)
rCorr    .         Rampage  .   (no gloves)
Will     .....                  (no boots)
Stlth    ++++......             (no amulet)
HPRegen  0.08/turn              (no ring)
MPRegen  0.10/turn              (no ring)

@: no status effects
A: small, nightstalker 3
a: no special abilities


You were on level 2 of the Dungeon.
You visited 1 branch of the dungeon, and saw 2 of its levels.

You collected 72 gold pieces.

Inventory:

Hand Weapons
 a - a +1 dagger (weapon)
Armour
 b - a +0 robe (worn)
Scrolls
 g - 2 scrolls of enchant armour
Potions
 c - a potion of invisibility {unknown}
 d - a potion of curing
 e - a potion of haste {unknown}


   Skills:
 + Level 0.2 Fighting
 + Level 2.3 Short Blades
 + Level 2.8 Dodging
 + Level 5.1 Stealth
 + Level 2.4 Spellcasting
 + Level 3.3 Hexes


You had 4 spell levels left.
You knew the following spells:

 Your Spells              Type           Power        Failure   Level
a - Corona                Hex            13%          4%          1
b - Ensorcelled Hibernat  Hex/Ice        14%          16%         2

Your spell library contained the following spells:

 Spells                   Type           Power        Failure   Level
 Confusing Touch          Hex            12%          16%         3
 Tukima's Dance           Hex            12%          16%         3
 Dazzling Flash           Conj/Hex       14%          30%         3


Dungeon Overview and Level Annotations

Branches:
Dungeon (2/15)

Altars:

Annotations:
D:2 Natasha


Innate Abilities, Weirdness & Mutations

You are small and have problems with some larger weapons.
You are completely attuned to the shadows.


Message History

You don't have enough magic to cast that spell.
Unknown command.
You feel better. Natasha claws you!
* * * LOW HITPOINT WARNING * * *
Casting: Ensorcelled Hibernation (safe; 16% risk of failure)
Confirm with . or Enter, or press ? or * to list all spells.
You don't know that spell.
Unknown command.
You feel better. Natasha claws you.
* * * LOW HITPOINT WARNING * * *
You feel better.
Natasha casts a spell.
Natasha wildly gestures.
You feel troubled. Natasha casts a spell at you. The magic dart hits you!
* * * LOW HITPOINT WARNING * * *
The shadow imp gestures at you. Pain shoots through your body!
You die...

#.##.....# #.##.....##
<)..(...... #.####..##
#.###...... ..
#.......### ....
#####...# ###.(#### #...#
#.......# #...###
#@5.....## #......
#h........
#####...#####..5.....†...
...............#..#..#(..
..................#..#...
...............##........
#####...##### ####......
#........ #....###..
#..)##### #.##..# .#


You could see Natasha, a crimson imp (summoned) and a shadow imp (summoned).

Vanquished Creatures
  A worm (D:2)
  2 dart slugs (D:1)
  3 leopard geckos (D:1)
  An orc (D:2)
  5 bats
  2 giant cockroaches (D:1)
  6 goblins
  4 hobgoblins
  8 kobolds
  A quokka (D:2)
  2 frilled lizards
  7 rats (D:1)
42 creatures vanquished.

Notes
Turn   | Place    | Note
-------+----------+-------------------------------------------
     0 | D:1      | soggyman666 the Kobold Enchanter began the quest for the
                  | Orb.
     0 | D:1      | Reached XP level 1. HP: 10/10 MP: 3/3
   169 | D:1      | Reached XP level 2. HP: 15/15 MP: 5/5
   203 | D:1      | Learned a level 2 spell: Ensorcelled Hibernation
   378 | D:1      | Reached XP level 3. HP: 19/19 MP: 6/6
  1073 | D:2      | Reached skill level 5 in Stealth
  1258 | D:2      | Reached XP level 4. HP: 21/24 MP: 0/7
  1350 | D:2      | Noticed Natasha
  1357 | D:2      | HP: 1/24 [Natasha (7)]
  1360 | D:2      | Killed from afar by a shadow imp

Illustrated notes

Levels and vault maps discovered:
D:1:      lightli_arrival_statue_moat, layout_loops_ring, bh_walls_and_bars
D:2:      layout_loops_cross, hangedman_decor_growths, minmay_circle_x,
          uniq_natasha

Skill      XL: |  1  2  3 |
---------------+----------+-----
Short Blades   | 2 |  2.3
Stealth        | 5 |  5.1
Fighting       | |  0.2
Dodging        | |  2.8
Spellcasting   | |  2.4
Hexes          | |  3.3

Action                   |  1- 3 |  4- 6 || total
-------------------------+-------+-------++-------
Melee: Dagger            |    89 |     3 ||    92
 Cast: Ensorcelled Hiber |     7 |     3 ||    10
  Use: Scroll            |     3 |       ||     3
       Potion            |       |     3 ||     3
 Stab: Sleeping          |    26 |     3 ||    29
Armor: Robe              |     7 |       ||     7
Dodge: Dodged            |    37 |     1 ||    38
